 Dungeon Crawl Stone Soup version 0.24.0-123-gd5b16e6ec5 (webtiles) character file.

Game seed: 2278666017413376404, levelgen mode: deterministic

112 Elellon the Chopper (level 4, -1/39 HPs)
             Began as a Hill Orc Fighter on Jan 22, 2020.
             Slain by a worm (5 damage)
             ... on level 3 of the Dungeon.
             The game lasted 00:01:47 (2427 turns).

Elellon the Chopper (Hill Orc Fighter)              Turns: 2427, Time: 00:01:47

Health: -1/39      AC:  6    Str: 19    XL:     4   Next: 95%
Magic:  4/4        EV:  7    Int:  8    God:
Gold:   109        SH:  9    Dex: 10    Spells: 3/3 levels left

rFire    . . .     SeeInvis .   a - +0 war axe
rCold    . . .     Gourm    .   c - +0 shield
rNeg     . . .     Faith    .   b - +0 scale mail
rPois    .         Spirit   .   (no helmet)
rElec    .         Reflect  .   (no cloak)
rCorr    .         Harm     .   (no gloves)
MR       .....                  (no boots)
Stlth    ..........             (no amulet)
HPRegen  0.13/turn              (no ring)
MPRegen  0.09/turn              (no ring)

@: no status effects
A: no striking features
a: no special abilities


You were on level 3 of the Dungeon.
You were not hungry.

You visited 1 branch of the dungeon, and saw 3 of its levels.

You collected 109 gold pieces.

Inventory:

Hand Weapons
 a - a +0 war axe (weapon)
Armour
 b - a +0 scale mail (worn)
 c - a +0 shield (worn)
Jewellery
 n - an uncursed amulet of harm {unknown}
 p - an uncursed amulet of magic regeneration {unknown}
Scrolls
 g - 6 scrolls of identify {unknown}
 h - 5 scrolls of teleportation {unknown}
 j - a scroll of enchant weapon {unknown}
 k - 2 scrolls of remove curse {unknown}
 q - a scroll of fear {unknown}
Potions
 d - a potion of might
 e - a potion of invisibility {unknown}
 i - 2 potions of curing {unknown}
 l - a potion of flight {unknown}
 o - 2 potions of brilliance {unknown}
Comestibles
 f - 6 rations
 m - 3 chunks of flesh


   Skills:
 - Level 3.6 Fighting
 + Level 6.6 Axes
 - Level 3.2 Armour
 - Level 3.2 Shields


You had 3 spell levels left.
You didn't know any spells.
Your spell library was empty.

Dungeon Overview and Level Annotations

Branches:
Dungeon (3/15)

Altars:
Ru
The Shining One


Message History

You slash the rat!
You kill the rat!
You hit something but do no damage. Something hits you but does no damage.
You bump into the rock wall.
Something hits you but does no damage.
You feel less confused. Something hits you but does no damage.
The worm bites you.
You hit the worm but do no damage. You hit something. Something hits you.
You hear some strange, mumbled words.
A magic dart appears from out of thin air!
The magic dart hits you!
* * * LOW HITPOINT WARNING * * *
You hit the worm.
The worm is lightly wounded.
You miss something. The worm bites you!
* * * LOW HITPOINT WARNING * * *
Something hits you but does no damage.
You slash the worm!
The worm is severely wounded.
You hit something. The worm bites you.
You die...

#. #######..
......... ..!.....#
........## .........#
.......).# #.#
......w[.# #.#
##....@.# #.#
#......# #.#
#......## #.#
#.......# #.#
############.#####.##
....................#
#############.####..#
#..# #..# ## ##.#
#..# #.


You could see a worm.

Vanquished Creatures
  An orc wizard (D:3)
  4 gnolls
  An adder (D:2)
  2 leopard geckos (D:1)
  An orc (D:3)
  3 giant cockroaches
  4 goblins
  2 hobgoblins (D:2)
  3 jackals (D:3)
  2 kobolds
  A quokka (D:2)
  3 bats
  2 frilled lizards
  7 rats
36 creatures vanquished.

Notes
Turn   | Place    | Note
-------+----------+-------------------------------------------
     0 | D:1      | Elellon the Hill Orc Fighter began the quest for the Orb.
     0 | D:1      | Reached XP level 1. HP: 19/19 MP: 1/1
    50 | D:1      | Reached skill level 3 in Axes
   231 | D:1      | Reached XP level 2. HP: 18/26 MP: 2/2
   513 | D:1      | Reached skill level 4 in Axes
   727 | D:1      | Found a glowing golden altar of the Shining One.
   981 | D:2      | Reached XP level 3. HP: 25/31 MP: 3/3
  1348 | D:2      | Reached skill level 5 in Axes
  1453 | D:1      | Reached XP level 4. HP: 18/39 MP: 4/4
  1746 | D:2      | Found a sacrificial altar of Ru.
  2273 | D:3      | Reached skill level 6 in Axes
  2427 | D:3      | Slain by a worm

Levels and vault maps discovered:
D:1:      wander_arrival_chamber, layout_basic, tso_altar
D:2:      layout_rooms, lemuel_doored_altar, first_ration
D:3:      layout_basic

Skill      XL: |  1  2  3  4 |
---------------+-------------+-----
Axes           | 3 4 5 6 |  6.6
Fighting       | |  3.6
Armour         | |  3.2
Shields        | |  3.2

Action                   |  1- 3 |  4- 6 || total
-------------------------+-------+-------++-------
Melee: War axe           |    85 |    51 ||   136
  Eat: Chunk             |     2 |     3 ||     5
Armor: Scale mail        |    31 |    27 ||    58
Dodge: Dodged            |    23 |    17 ||    40
Block: Shield            |    44 |    27 ||    71
